AoeStats
← hahnbaer

Arabia

503692223Analyzed
3v3 RM · 29d ago on Sep 1, 2026· 22m 11s· 6 players
Game mode
Random Map
Map size
Normal (6 player)
Population
200
Speed
Normal
Resources
Standard
Victory
Conquest
Starting age
Dark Age
Ending age
Imperial Age
RankedLock teamsTeams togetherTeam positionsShared explorationLock speedFull tech treeHidden civsTurbo modeCheats
Victory
Defeat
🇩🇪 Japanese · Germany
1073
+16
🇮🇹 Huns · Italy
1071
+16
🇬🇧 Mongols · United Kingdom
1058
+17
🇬🇧 Malay · United Kingdom
1128
-19
🇲🇽 Mongols · Mexico
1053
-15
🇺🇸 Malay · United States
1039
-15
Louis Theroux
11:46 Feudal Age
10:28 Loom
12:15 Feudal Age
16:40 Castle Age
15:42 Double-Bit Axe
17:06 Wheelbarrow
hahnbaer
2:33 Loom
10:01 Feudal Age
10:40 Double-Bit Axe
10:55 Man-at-Arms
12:11 Arson
18:12 Wheelbarrow
20:43 Castle Age
20:11 Forging
20:54 Long Swordsman
21:45 Squires
GiuGiu
5:04 Loom
9:51 Feudal Age
10:28 Double-Bit Axe
12:47 Wheelbarrow
15:22 Horse Collar
17:06 Fletching
18:30 Gold Mining
22:18 Castle Age
21:07 Padded Archer Armor
Bambi
8:51 Loom
11:23 Feudal Age
15:15 Castle Age
21:44 Forging
NordicPain
0:36 Loom
9:14 Feudal Age
13:04 Town Watch
67676767676767676767676767676767
0:27 Loom
11:28 Feudal Age
Connection lost

Rejoining the realm…

Still unreachable

The connection could not be restored.

Session expired

The server has moved on; the page needs a fresh start.